 Dungeon Crawl Stone Soup version 0.25.0-9-g26727b657a (webtiles) character file.

Game seed: 6014349021120188311

5222 shadizar the Fighter (level 10, -18/68 HPs)
             Began as a Gargoyle Fighter on June 16, 2020.
             Was a Believer of the Shining One.
             Killed from afar by an ogre mage (44 damage)
             ... with a crystal spear
             ... on level 10 of the Dungeon.
             The game lasted 00:12:15 (9198 turns).

shadizar the Fighter (Gargoyle Fighter)             Turns: 9198, Time: 00:12:17

Health: -18/68     AC: 33    Str: 23    XL:     10   Next: 61%
Magic:  7/10       EV:  4    Int:  9    God:    the Shining One [**....]
Gold:   439        SH: 17    Dex:  9    Spells: 9/9 levels left

rFire    . . .     SeeInvis .   a - +1 flail
rCold    + . .     Gourm    .   c - +0 kite shield
rNeg     + + .     Faith    .   m - +0 crystal plate armour
rPois    ∞         Spirit   .   s - +2 helmet
rElec    +         Reflect  .   t - scarf {+Inv}
rCorr    .         Harm     .   A - +1 pair of gloves
MR       .....                  n - +0 pair of boots
Stlth    ..........             (no amulet)
HPRegen  0.21/turn              q - ring of protection from cold
MPRegen  0.12/turn              y - ring of stealth

@: divine shield, glowing
A: negative energy resistance 1, electricity resistance, unbreathing,
petrification resistance, rot immunity, AC +7
a: Divine Shield, Renounce Religion, Evoke Invisibility


You were on level 10 of the Dungeon.
You worshipped the Shining One.
The Shining One was pleased with you.
You were not hungry.

You visited 2 branches of the dungeon, and saw 11 of its levels.

You collected 439 gold pieces.

Inventory:

Hand Weapons
 a - a +1 flail (weapon)
 b - the +3 morningstar "Filyhed" {drain, +Fly rElec rF- rN+++}
   (You found it on level 6 of the Dungeon)

   A truly terrible weapon, it drains the life of those it strikes.
   It makes you vulnerable to fire.
   It insulates you from electricity.
   It renders you almost immune to negative energy.
   It lets you fly.
   The Shining One disapproves of the use of such an item.
 F - a +0 whip of freezing
Armour
 c - a +0 kite shield (worn)
 m - a +0 crystal plate armour (worn)
 n - a +0 pair of boots (worn)
 s - a +2 helmet (worn)
 t - a scarf of invisibility (worn)
 A - a +1 pair of gloves (worn)
Jewellery
 q - a ring of protection from cold (left hand)
 u - an uncursed amulet of the acrobat {unknown}
 v - an uncursed amulet of magic regeneration {unknown}
 y - a ring of stealth (right hand)
 L - an uncursed ring of see invisible {unknown}
 O - an uncursed ring of fire {unknown}
Wands
 D - a wand of flame (8)
 G - a wand of iceblast (10)
 H - a wand of polymorph (7)
 J - a wand of enslavement (3)
 Q - a wand of acid (10)
Scrolls
 e - 5 scrolls of fear
 g - 3 scrolls of magic mapping
 j - 3 scrolls of enchant weapon
 k - 11 scrolls of identify
 r - 4 scrolls of enchant armour
 C - 2 scrolls of amnesia
 I - a scroll of brand weapon {unknown}
 N - 3 scrolls of remove curse {unknown}
Potions
 d - 2 potions of might
 h - a potion of degeneration {unknown}
 i - 5 potions of stabbing
 l - a potion of cancellation {unknown}
 o - 4 potions of curing {unknown}
 p - 2 potions of ambrosia {unknown}
 w - 2 potions of lignification
 x - 4 potions of flight {unknown}
 z - 2 potions of heal wounds {unknown}
 B - a potion of magic {unknown}
 E - a potion of brilliance {unknown}
 K - a potion of mutation {unknown}
 M - a potion of haste {unknown}
 P - a potion of berserk rage {unknown}
Comestibles
 f - 11 rations
 R - 9 chunks of flesh


   Skills:
 * Level 10.3 Fighting
 + Level 6.6 Maces & Flails
 + Level 7.5 Armour
 + Level 5.0 Dodging
 + Level 7.7 Shields


You had 9 spell levels left.
You didn't know any spells.
Your spell library contained the following spells:

 Spells                   Type           Power        Failure   Level  Hunger
 Corona                   Hex            #......      100%        1    ##.....
 Ensorcelled Hibernation  Hex/Ice        #.....       100%        2    ###....
 Confusing Touch          Hex            #.......     100%        3    ####...
 Dazzling Flash           Conj/Hex       #.....       100%        3    ####...
 Tukima's Dance           Hex            #.......     100%        3    ####...


Dungeon Overview and Level Annotations

Branches:
Dungeon (10/15)            Temple (1/1) D:6            Lair (0/6) D:10
    Orc: D:9-12

Altars:
Ashenzari
Cheibriados
Dithmenos
Elyvilon
Fedhas
Gozag
Hepliaklqana
Kikubaaqudgha
Makhleb
Nemelex Xobeh
Okawaru
Qazlal
Ru
Sif Muna
Trog
Uskayaw
Vehumet
Wu Jian
Xom
Yredelemnul
Zin
The Shining One

Shops:
D:4 *   D:7 *   D:10 =

Annotations:
D:7 Prince Ribbit
D:8 1 runed translucent door, vurker's ghost, novice OpIE


Innate Abilities, Weirdness & Mutations

You are resistant to torment.
Your stone body is resilient. (AC +7)
You are immune to poison.
You resist negative energy. (rN+)
You are resistant to electric shocks. (rElec)
You can survive without breathing.
You are immune to petrification.
You are immune to rotting.


Message History

You are too injured to fight recklessly!
You are too injured to fight recklessly!
You are too injured to fight recklessly!
You are too injured to fight recklessly!
You are too injured to fight recklessly!
You are too injured to fight recklessly!
Unknown command.
Your shield is strengthened by the Shining One's divine power.
You feel slightly more hungry.
The ogre mage hits you but does no damage.
You sock the ogre mage!
The ogre mage is almost dead.
The ogre mage hits you but does no damage.
You hit the ogre mage but do no damage.
The ogre mage is almost dead.
You block the ogre mage's attack. The ogre mage casts a spell at you.
The crystal spear hits you!!!
Ouch! That really hurt!
You die...

########## ######
...#
#....####...#
#..........
#####....#..#####
#.......[...#...#
....##.##..#...#
. ##...##.#...#
#.###.#.#...# ..
#.O@†.#.#...#
...#.###.#.....#
...##...##.....#
##..##.##..#...#
...............#
........#..#####
####....#.....
#....#......#
#....####...#


You could see an ogre mage.

Vanquished Creatures
  Harold (D:10)
  A komodo dragon (D:10)
  A troll (D:10)
  A hippogriff (D:8)
  3 hungry ghosts
  A water moccasin (D:8)
  2 sky beasts
  An orc warrior (D:9)
  An ice beast (D:8)
  A black bear (D:6)
  A necrophage (D:10)
  4 ogres
  2 phantoms
  4 centaurs
  2 big kobolds
  3 bullfrogs
  A wyvern skeleton (D:8)
  4 scorpions
  3 killer bees (D:9)
  4 wights (D:10)
  A howler monkey (D:6)
  2 crimson imps
  A quasit (D:8)
  4 hounds
  A bullfrog skeleton (D:5)
  A jelly (D:10)
  6 orc wizards
  Jessica (D:3)
  3 iguanas
  8 worker ants
  A killer bee zombie (D:6)
  Robin (D:4)
  15 adders
  A howler monkey skeleton (D:7)
  4 shadow imps
  2 adder skeletons
  An adder zombie (D:5)
  2 worms
  4 dart slugs
  7 leopard geckos
  21 orcs
  2 bat skeletons (D:2)
  A bat zombie (D:2)
  6 giant cockroaches
  16 goblins
  11 hobgoblins
  18 jackals
  29 kobolds
  5 quokkas
  A ball python (D:2)
  2 ball python zombies (D:2)
  9 bats
  5 frilled lizards
  A giant cockroach zombie (D:2)
  9 rats
243 creatures vanquished.

Vanquished Creatures (others)
  7 plants (D:8)
7 creatures vanquished.

Grand Total: 250 creatures vanquished

Notes
Turn   | Place    | Note
-------+----------+-------------------------------------------
     0 | D:1      | shadizar the Gargoyle Fighter began the quest for the Orb.
     0 | D:1      | Reached XP level 1. HP: 14/14 MP: 1/1
   168 | D:1      | Reached XP level 2. HP: 19/19 MP: 2/2
   650 | D:1      | Reached XP level 3. HP: 23/24 MP: 3/3
  1444 | D:2      | Reached skill level 4 in Fighting
  1503 | D:2      | Reached XP level 4. HP: 29/29 MP: 4/4
  1631 | D:2      | Reached skill level 1 in Dodging
  2015 | D:3      | Reached XP level 5. HP: 34/34 MP: 5/5
  2491 | D:3      | Noticed Jessica
  2523 | D:3      | Killed Jessica
  2813 | D:4      | Found Fkuji's Fabulous Fripperies.
  3045 | D:4      | Reached XP level 6. HP: 40/40 MP: 6/6
  3135 | D:4      | Noticed Robin
  3147 | D:4      | Killed Robin
  3281 | D:4      | Reached skill level 5 in Fighting
  3364 | D:4      | Noticed a phantom
  3396 | D:4      | Killed a phantom
  3630 | D:4      | Found a bloodstained altar of Trog.
  3637 | D:4      | Reached XP level 7. HP: 44/44 MP: 7/7
  3899 | D:5      | Entered Level 5 of the Dungeon
  4051 | D:5      | Reached skill level 6 in Fighting
  4189 | D:5      | Found a blossoming altar of Fedhas.
  4237 | D:5      | Reached skill level 5 in Armour
  4237 | D:5      | Reached skill level 5 in Shields
  4237 | D:5      | Reached XP level 8. HP: 44/52 MP: 8/8
  4357 | D:5      | Found a sparkling altar of Nemelex Xobeh.
  4382 | D:5      | Found a basalt altar of Yredelemnul.
  4728 | D:6      | Got a bloodstained morningstar
  4730 | D:6      | Identified the +3 morningstar "Filyhed" {drain, +Fly rElec
                  | rF- rN+++} (You found it on level 6 of the Dungeon)
  4797 | D:6      | Reached skill level 7 in Fighting
  5359 | D:6      | Found a staircase to the Ecumenical Temple.
  5369 | Temple   | Entered the Ecumenical Temple
  5375 | Temple   | Became a worshipper of the Shining One
  5626 | D:7      | Noticed Prince Ribbit
  5993 | D:7      | Reached XP level 9. HP: 58/59 MP: 9/9
  6009 | D:7      | Found Ciegiriok's General Store.
  6025 | D:7      | Found a white marble altar of Elyvilon.
  6188 | D:7      | Reached skill level 8 in Fighting
  6569 | D:8      | Reached skill level 5 in Maces & Flails
  6819 | D:8      | Found a runed translucent door.
  6821 | D:8      | Noticed vurker's ghost (novice OpIE)
  6824 | D:8      | Noticed a polar bear
  6825 | D:8      | Identified the +11 trident of Dissolution {freeze, rElec
                  | rF+}
  6834 | D:8      | Noticed a polar bear
  6929 | D:8      | Reached * piety under the Shining One
  7273 | D:8      | Reached skill level 9 in Fighting
  8255 | D:9      | Reached XP level 10. HP: 64/66 MP: 10/10
  8486 | D:9      | Found a shimmering blue altar of Sif Muna.
  8673 | D:10     | Entered Level 10 of the Dungeon
  8715 | D:10     | Found a staircase to the Lair.
  8772 | D:10     | Found Pudeusm's Jewellery Shop.
  9019 | D:10     | Noticed Harold
  9019 | D:10     | Reached ** piety under the Shining One
  9031 | D:10     | Killed Harold
  9031 | D:10     | Reached skill level 10 in Fighting
  9122 | D:10     | Reached skill level 5 in Dodging
  9173 | D:10     | Noticed an ogre mage
  9198 | D:10     | Killed from afar by an ogre mage

Illustrated notes

Levels and vault maps discovered:
D:1:      dpeg_arrival_rooms_b, layout_basic, minmay_heptomino_w4
D:2:      layout_basic, serial_undead, serial_undead_e, serial_undead_e,
          serial_undead_f, serial_undead_d, first_ration
D:3:      kennysheep_big_flooded_room, layout_basic, uniq_jessica
D:4:      layout_loops_cross, lemuel_coloured_pillars_altar, st_stairs_4,
          nicolae_alphabet_shops, nrook_campfire, uniq_robin
D:5:      layout_loops_ring, nemelex_xobeh_ov_fountains_minmay,
          old_standard_altar, yredelemnul_altar_generic
D:6:      layout_loops_ring, lemuel_temple_firewalk_a
D:7:      layout_basic, lemuel_crystal_altar, serial_shops,
          kennysheep_little_box, minmay_misc_feat_room, uniq_prince_ribbit1
D:8:      kennysheep_kobold_camp, layout_basic, ebering_ghost_funeral_grove
D:9:      layout_long_grid, kennysheep_mini_moat
D:10:     layout_grid_maze, lair_entry_dummy, serial_shops, nicolae_shop_trees,
          hangedman_fish_farm, minmay_checkerbox, uniq_harold
Temple:   eino_temple_rhombus

Skill      XL: |  1  2  3  4  5  6  7  8  9 10 |
---------------+-------------------------------+-----
Fighting       | 4 5 6 7 9 10 | 10.3
Dodging        | 1 2 3 4 5 |  5.0
Shields        | 4 5 7 |  7.7
Armour         | 4 5 6 7 |  7.5
Maces & Flails | 3 4 5 6 |  6.6

Action                   |  1- 3 |  4- 6 |  7- 9 | 10-12 || total
-------------------------+-------+-------+-------+-------++-------
Melee: Flail             |   152 |   312 |   510 |   153 ||  1127
       Morningstar       |       |       |    82 |       ||    82
Invok: Divine Shield     |       |       |       |     1 ||     1
  Use: Scroll            |       |       |    12 |       ||    12
  Eat: Chunk             |     2 |     8 |    14 |     3 ||    27
       Ration            |       |       |    12 |       ||    12
Armor: Scale mail        |    99 |   161 |    95 |       ||   355
       Crystal plate arm |       |       |   364 |   164 ||   528
Dodge: Dodged            |    54 |   122 |   133 |    26 ||   335
Block: Kite shield       |    97 |   183 |   312 |   120 ||   712
